 Dungeon Crawl Stone Soup version 0.28.0-53-g5a82cb258f (webtiles) character file.

Game seed: 2858215693760873881

12026 Zeld the Thaumaturge (level 11, -21/57 HPs)
             Began as a Deep Elf Conjurer on May 24, 2022.
             Was a Believer of Vehumet.
             Killed from afar by Jorgrun (33 damage)
             ... with an iron shot
             ... on level 12 of the Dungeon.
             The game lasted 00:21:12 (17181 turns).

Zeld the Thaumaturge (Deep Elf Conjurer)           Turns: 17181, Time: 00:21:12

Health: -21/57     AC: 11    Str:  4    XL:     11   Next: 57%
Magic:  1/31       EV: 13    Int: 28    God:    Vehumet [**....]
Gold:   213        SH:  0    Dex: 15    Spells: 28/39 levels left

rFire   . . .      SeeInvis .   a - +11 flail "Upsycyg" {venom, Dex+2}
rCold   . . .      Faith    .   (no shield)
rNeg    . . .      Spirit   .   J - +2 robe {Archmagi}
rPois   .          Reflect  .   w - +0 helmet
rElec   .          Harm     .   t - +2 cloak
rCorr   .          Rampage  .   F - +2 pair of gloves
Will    +....      Archmagi +   (no boots)
Stlth   ++++......              r - amulet of the acrobat
HPRegen 0.19/turn               (no ring)
MPRegen 0.22/turn               (no ring)

@: no status effects
A: no striking features
a: Renounce Religion


You were on level 12 of the Dungeon.
You worshipped Vehumet.
Vehumet was pleased with you.
You visited 2 branches of the dungeon, and saw 13 of its levels.
You also visited: Sewer.

You collected 614 gold pieces.
You spent 401 gold pieces at shops.

Inventory:

Hand Weapons
 a - the +11 flail "Upsycyg" (weapon) {venom, Dex+2}
   (You found it on level 11 of the Dungeon)

   It poisons the flesh of those it strikes.
   Dex:       It affects your dexterity (+2).
 D - a +6 quarterstaff of chaos
Armour
 t - a +2 cloak (worn)
 w - a +0 helmet (worn)
 F - a +2 pair of gloves (worn)
 J - a +2 robe of the Archmagi (worn)
Jewellery
 r - an amulet of the acrobat (around neck)
Wands
 g - a wand of flame (19)
 l - a wand of polymorph (25)
 v - a wand of iceblast (11)
 A - a wand of digging (3)
 H - a wand of paralysis (5)
 I - a wand of acid (6)
 M - a wand of charming (2)
Scrolls
 c - a scroll of identify
 e - a scroll of magic mapping
 n - 2 scrolls of blinking
 o - 5 scrolls of teleportation
 s - 3 scrolls of amnesia
 u - 2 scrolls of fear
 y - a scroll of silence
 E - a scroll of holy word
Potions
 b - 11 potions of curing
 h - 3 potions of lignification {unknown}
 i - 3 potions of might {unknown}
 k - 3 potions of mutation {unknown}
 m - 3 potions of haste {unknown}
 p - 2 potions of degeneration {unknown}
 q - a potion of cancellation {unknown}
 z - a potion of invisibility {unknown}
 C - a potion of berserk rage
 K - 5 potions of heal wounds
 L - a potion of brilliance


   Skills:
 + Level 1.8 Fighting
 * Level 3.5 Staves
 + Level 3.9 Dodging
 - Level 8.0 Stealth
 * Level 14.7 Spellcasting
 - Level 14.0 Conjurations
 - Level 2.0 Hexes
 - Level 2.0 Translocations
 + Level 0.5 Evocations


You had 28 spell levels left.
You knew the following spells:

 Your Spells              Type           Power      Damage    Failure   Level
a - Magic Dart            Conj           100%       1d8       0%          1
b - Searing Ray           Conj           100%       2d8       0%          2
c - Fulminant Prism       Conj/Hex       39%        3d18      1%          4
d - Iskenderun's Mystic   Conj/Tloc      78%        2d16      1%          4

Your spell library contained the following spells:

 Spells                   Type           Power      Damage    Failure   Level
 Stone Arrow              Conj/Erth      100%       3d13      1%          3
 Dazzling Flash           Conj/Hex       100%       N/A       1%          3
 Beastly Appendage        Tmut           60%        N/A       2%          1
 Sting                    Tmut/Pois      100%       1d8       2%          1
 Poisonous Vapours        Pois/Air       60%        N/A       3%          2
 Sublimation of Blood     Necr           30%        N/A       3%          2
 Wereblood                Tmut           30%        N/A       3%          2
 Inner Flame              Hex/Fire       39%        N/A       4%          3
 Summon Guardian Golem    Hex/Summ       39%        N/A       4%          3
 Orb of Destruction       Conj           49%        9d13      7%          7
 Frozen Ramparts          Ice            60%        1d8       8%          3
 Spider Form              Tmut/Pois      30%        N/A       8%          3
 Cause Fear               Hex            23%        N/A       11%         4
 Ice Form                 Ice/Tmut       30%        N/A       24%         4
 Olgreb's Toxic Radiance  Pois           30%        N/A       24%         4
 Summon Ice Beast         Ice/Summ       30%        N/A       24%         4
 Spellforged Servitor     Conj/Summ      37%        N/A       75%         7
 Summon Hydra             Summ           15%        N/A       100%        7
 Discord                  Hex            23%        N/A       100%        8


Dungeon Overview and Level Annotations

Branches:
Dungeon (12/15)            Temple (1/1) D:4            Lair (0/6) D:8
    Orc (0/2) D:9           Sewer (visited)

Altars:
Ashenzari
Cheibriados
Dithmenos
Elyvilon
Fedhas
Gozag
Hepliaklqana
Kikubaaqudgha
Makhleb
Nemelex Xobeh
Okawaru
Qazlal
Ru
Sif Muna
Trog
Uskayaw
Vehumet
Wu Jian
Xom
Yredelemnul
Zin
The Shining One

Shops:
D:4 *   D:9 !

Annotations:
D:12 Jorgrun


Message History

Aim: Jorgrun, wielding a staff of earth and wearing a +1 robe of cold resistance (heavily wounded, 72% to hit)
You feel a surge of power!
The searing ray hits Jorgrun.
Jorgrun is heavily wounded. (Press . to maintain the ray.)
The searing ray misses Jorgrun.
Casting: Searing Ray (safe; 0% risk of failure)
Confirm with . or Enter, or press ? or * to list all spells.
You feel a surge of power!
You erupt in a blast of force!
The mystic blast hits Jorgrun.
Jorgrun is heavily wounded.
Jorgrun is knocked back by the mystic blast.
Unknown command.
Casting: Iskenderun's Mystic Blast (dangerous; 1% risk of failure)
Confirm with . or Enter, or press ? or * to list all spells.
You can't see any susceptible monsters within range! (Use Z to cast anyway.)
Casting: Iskenderun's Mystic Blast (dangerous; 1% risk of failure)
Confirm with . or Enter, or press ? or * to list all spells.
Aiming: Searing Ray (safe; 0% risk of failure)
Press: ? - help, Shift-Dir - straight line, f/p - Jorgrun
Aim: Jorgrun, wielding a staff of earth and wearing a +1 robe of cold resistance (heavily wounded, 72% to hit)
You feel a surge of power!
The searing ray hits Jorgrun!
Jorgrun is heavily wounded. (Press . to maintain the ray.)
The searing ray hits Jorgrun.
Jorgrun is heavily wounded.
The searing ray hits Jorgrun!
Jorgrun is severely wounded.
Casting: Searing Ray (safe; 0% risk of failure)
Confirm with . or Enter, or press ? or * to list all spells.
You don't have enough magic to cast this spell.
You barely miss Jorgrun.
Jorgrun is severely wounded.
Jorgrun hits you with a staff of earth!
* * * LOW HITPOINT WARNING * * *
You barely miss Jorgrun.
Jorgrun is severely wounded.
Jorgrun casts a spell at you. The iron shot hits you!!
Ouch! That really hurt!
You die...

#######
#.....#
#####.....#
..........
.........#
.).......#
.....(.@.#
.......g.#
.........#
.........#
.........#
.........#
...#+#####
.# ###
##.##


You could see Jorgrun.

Vanquished Creatures
  Erica (D:8)
  3 two-headed ogres
  2 ugly things (D:11)
  A cyclops (D:12)
  The ghost of Holdthepickle the Slasher, a novice PaBe of Trog (D:5)
  Maggie (D:8)
  A hornet (D:9)
  6 slime creatures
  2 wyverns
  8 yaks
  3 acid dragons
  Duvessa (D:5)
  7 orc warriors
  A hornet zombie (D:7)
  A sky beast (D:5)
  A black bear (D:4)
  An ice beast (D:6)
  3 ogres
  3 centaurs
  Blork the orc (D:5)
  5 kobold brigands
  4 bullfrogs
  2 gnoll sergeants (D:9)
  3 scorpions
  10 killer bees
  Dowan (D:5)
  3 wights (D:7)
  4 howler monkeys
  3 centaur zombies
  2 hounds
  5 orc priests
  A jelly (D:6)
  Crazy Yiuf (D:5)
  A centaur skeleton (D:7)
  A gnoll shaman (D:5)
  2 iguanas
  4 orc wizards
  A killer bee zombie (D:8)
  A howler monkey zombie (D:9)
  11 gnolls
  A howler monkey skeleton (D:7)
  3 adders
  2 river rats (D:3)
  2 shadow imps
  2 white imps
  2 ufetubi
  A worm (D:2)
  A dart slug (D:2)
  19 orcs
  16 ball pythons
  11 endoplasms
  8 giant cockroaches
  17 goblins
  7 hobgoblins
  4 jackals (D:2)
  12 quokkas
  6 bats
  10 frilled lizards
  28 kobolds
  6 rats
271 creatures vanquished.

Vanquished Creatures (others)
  8 fulminant prisms
  6 plants
  2 withered plants (D:5)
16 creatures vanquished.

Grand Total: 287 creatures vanquished

Notes
Turn   | Place    | Note
-------+----------+-------------------------------------------
     0 | D:1      | Zeld the Deep Elf Conjurer began the quest for the Orb.
     0 | D:1      | Reached XP level 1. HP: 10/10 MP: 6/6
   475 | D:1      | Reached XP level 2. HP: 15/15 MP: 5/8
   776 | D:1      | Learned a level 2 spell: Searing Ray
   889 | D:1      | Reached skill level 1 in Hexes
  1174 | D:1      | Found a faded altar of an unknown god.
  1355 | D:1      | You fall into a shaft and drop 1 floor!
  1359 | D:2      | Reached skill level 1 in Translocations
  1363 | D:2      | Reached XP level 3. HP: 19/19 MP: 2/10
  2230 | D:2      | Reached skill level 5 in Conjurations
  2799 | D:2      | Reached XP level 4. HP: 21/24 MP: 7/12
  2807 | D:2      | Learned a level 4 spell: Fulminant Prism
  2812 | D:2      | Learned a level 4 spell: Iskenderun's Mystic Blast
  3060 | D:3      | Found a shadowy altar of Dithmenos.
  3117 | D:3      | Found a glowing drain.
  3145 | Sewer    | Entered a sewer
  3588 | Sewer    | Reached XP level 5. HP: 28/28 MP: 5/14
  3782 | Sewer    | Reached skill level 5 in Spellcasting
  3877 | Sewer    | Reached XP level 6. HP: 17/32 MP: 6/16
  4170 | D:3      | Identified the +2 robe of Fyryt Coo {rC+}
  4540 | D:4      | Found Noal's General Store.
  4764 | D:4      | Found a staircase to the Ecumenical Temple.
  4777 | Temple   | Entered the Ecumenical Temple
  4793 | Temple   | Became a worshipper of Vehumet
  4820 | D:4      | Reached XP level 7. HP: 31/36 MP: 9/19
  5445 | D:5      | Entered Level 5 of the Dungeon
  6189 | D:4      | Bought a potion of heal wounds for 50 gold pieces
  6208 | D:5      | Noticed Blork the orc
  6216 | D:5      | Killed Blork the orc
  6559 | D:5      | Reached XP level 8. HP: 20/41 MP: 12/22
  6850 | D:5      | Found a runed translucent door.
  6853 | D:5      | Noticed Crazy Yiuf
  6854 | D:5      | Identified the +6 mace of the Pill Bug {vorpal, Dex+7}
  6903 | D:5      | Noticed Dowan
  6941 | D:5      | Identified the +6 mace "Orb Guardian's Regret" {flame,
                  | Contam Will+ Str+3}
  6958 | D:5      | Killed Crazy Yiuf
  7804 | D:6      | Reached skill level 5 in Stealth
  8230 | D:7      | Reached skill level 10 in Spellcasting
  8457 | D:7      | Reached XP level 9. HP: 44/45 MP: 15/25
  8675 | D:7      | Reached * piety under Vehumet
  8675 | D:7      | Offered knowledge of Sandblast by Vehumet.
  9074 | D:8      | Noticed Maggie
  9082 | D:8      | Paralysed by Maggie for 5 turns
  9090 | D:8      | Killed Maggie
  9242 | D:8      | Noticed Erica
  9384 | D:9      | Reached skill level 10 in Conjurations
  9725 | D:8      | Found a hazy altar of Hepliaklqana.
  9733 | D:8      | Found a burning altar of Makhleb.
  9733 | D:8      | Found a stormy altar of Qazlal.
 10271 | D:8      | Found a staircase to the Lair.
 10611 | D:8      | Killed Erica
 11015 | D:9      | Reached XP level 10. HP: 44/50 MP: 11/28
 11132 | D:9      | Found Heulem's Distillery.
 11141 | D:9      | Bought a potion of curing for 39 gold pieces
 11141 | D:9      | Bought a potion of berserk rage for 65 gold pieces
 11141 | D:9      | Bought 2 potions of heal wounds for 130 gold pieces
 11141 | D:9      | Bought a potion of brilliance for 52 gold pieces
 11141 | D:9      | Bought a potion of heal wounds for 65 gold pieces
 11821 | D:5      | Noticed Duvessa
 11828 | D:5      | Killed Duvessa
 11834 | D:5      | Killed Dowan
 11869 | D:5      | Found a runed translucent door.
 11869 | D:5      | Noticed Holdthepickle's ghost (novice PaBe)
 12083 | D:5      | Killed Holdthepickle's ghost
 12586 | D:9      | Offered knowledge of Static Discharge by Vehumet.
 12595 | D:9      | Reached ** piety under Vehumet
 12597 | D:9      | Found a staircase to the Orcish Mines.
 12819 | D:10     | Entered Level 10 of the Dungeon
 13214 | D:10     | Noticed a two-headed ogre
 13240 | D:10     | Killed a two-headed ogre
 14049 | D:11     | Noticed a white ugly thing
 14086 | D:11     | Killed a white ugly thing
 14087 | D:11     | Reached XP level 11. HP: 54/54 MP: 1/31
 14337 | D:11     | Identified the +11 flail "Upsycyg" {venom, Dex+2}
 14363 | D:11     | Noticed a red ugly thing
 14387 | D:11     | Killed a red ugly thing
 14665 | D:11     | Noticed a two-headed ogre
 14677 | D:11     | Killed a two-headed ogre
 14682 | D:11     | Reached skill level 1 in Staves
 14690 | D:11     | Offered knowledge of Stone Arrow by Vehumet.
 14695 | D:11     | Noticed a two-headed ogre
 15026 | D:11     | Reached skill level 1 in Fighting
 15128 | D:11     | Reached *** piety under Vehumet
 16711 | D:11     | Killed a two-headed ogre
 17085 | D:12     | Noticed Jorgrun
 17181 | D:12     | Killed from afar by Jorgrun

Illustrated notes

Levels and vault maps discovered:
D:1:      nzn_arrival_depleted_hourglass, layout_basic,
          shapermc_ecumenical_altar_pompeii, skrybe_limestone_x
D:2:      layout_loops_corners, chequers_serial_rivers_large_b
D:3:      cheibrodos_greedy_goblins, layout_rooms,
          nicolae_overflow_crystal_walls, portal_sewer_entry_b,
          hangedman_decor_peaks_small, guppyfry_early_lair_pool
D:4:      nicolae_cairo_tiling_large, layout_rooms, minmay_temple_entry_glass,
          serial_shops, nicolae_take_the_stairs
D:5:      layout_rooms, gammafunk_ghost_grave, serial_bayou_lagoon_a,
          uniq_blork_the_orc, uniq_crazy_yiuf_cottage, uniq_duvessa
D:6:      nicolae_cairo_tiling, layout_loops_ring
D:7:      layout_rooms, serial_co_window_serial, co_window_of_opportunity_a,
          co_window_corner_a, co_window_of_opportunity_a, co_window_paths_a,
          co_window_corner_a, co_window_paths_a, co_window_of_opportunity_b,
          co_window_unsneaky_path_c, co_window_corner_cb,
          co_window_unsneaky_path_c, co_window_cross_4
D:8:      layout_cave_pools, gammafunk_temple_overflow_forgotten,
          lair_entry_dummy, uniq_erica, uniq_maggie
D:9:      layout_loops_cross, david_orc_4, serial_shops, nicolae_shop_stone
D:10:     layout_loops_corners, serial_bayou_pond_c
D:11:     layout_basic
D:12:     layout_basic, uniq_jorgrun
Temple:   nicolae_temple_no_exploring_needed

Skill      XL: |  1  2  3  4  5  6  7  8  9 10 11 |
---------------+----------------------------------+-----
Hexes          | 1 2 |  2.0
Translocations | 1 2 |  2.0
Spellcasting   | 4 5 7 8 10 12 14 | 14.7
Conjurations   | 5 6 8 9 11 13 14 | 14.0
Stealth        | 4 5 7 8 |  8.0
Staves         | 3 |  3.5
Fighting       | 1 |  1.8
Dodging        | 3 |  3.9
Evocations     | |  0.5

Action                   |  1- 3 |  4- 6 |  7- 9 | 10-12 || total
-------------------------+-------+-------+-------+-------++-------
Melee: Unarmed           |     1 |     1 |       |       ||     2
       Mace              |       |       |       |     9 ||     9
       Punch             |       |       |       |     2 ||     2
       Flail             |       |       |       |    14 ||    14
 Cast: Magic Dart        |    60 |    78 |    14 |     2 ||   154
       Searing Ray       |     4 |    14 |    67 |    62 ||   147
       Iskenderun's Myst |       |       |     5 |    62 ||    67
       Fulminant Prism   |       |       |     5 |     3 ||     8
  Use: Scroll            |       |       |     2 |    16 ||    18
       Potion            |       |       |     3 |       ||     3
 Stab: Sleeping          |       |       |       |     1 ||     1
Armor: Robe              |     1 |     8 |    18 |    21 ||    48
Dodge: Dodged            |     2 |    19 |    95 |   128 ||   244
